 Dungeon Crawl Stone Soup version bcrawl-1.24 (webtiles) character file.

Game seed: 13451657979315335666

310014 Morbidden the Brawler (level 20, -7/196 HPs)
             Began as a Troll Archaeologist on June 10, 2020.
             Was the Champion of Qazlal.
             Mangled by a phantasmal warrior (24 damage)
             ... summoned by a deep elf death mage
             ... on level 3 of the Elven Halls on June 11, 2020.
             The game lasted 02:13:41 (34181 turns).

Morbidden the Brawler (Troll Archaeologist)        Turns: 34181, Time: 02:13:41

Health: -7/196     AC: 18    Str: 24    XL:     20   Next: 38%
Magic:  33/33      EV: 21    Int: 17    God:    Qazlal [******]
Gold:   1814       SH: 12    Dex: 16    Spells: 18/40 levels left

rFire    + . .     SeeInvis .     - Unarmed
rCold    + . .     Gourm    +   (no shield)
rNeg     . . .     Faith    .   (armour unavailable)
rPois    +         Spirit   .   a - +2 hat
rElec    .         Reflect  .   d - +2 cloak {rPois}
rCorr    .         Harm     .   (gloves unavailable)
MR       .....                  (boots unavailable)
Stlth    +.........             O - amulet of regeneration
HPRegen  2.21/turn              f - ring of Gluttony {EV+2 Slay+4}
MPRegen  0.23/turn              I - +8 ring of dexterity

@: vulnerable, singing, slowed, lightly drained, repel missiles, very slow
A: large, almost no armour, unfitting armour, claws 3, cold resistance 1, fire
resistance 1, fast metabolism 3, gourmand, regeneration 2, AC +13
}: 2/15 runes: serpentine, barnacled
a: Upheaval, Elemental Force, Disaster Area, Renounce Religion


You were on level 3 of the Elven Halls.
You worshipped Qazlal.
Qazlal was exalted by your worship.
You were very full.

You visited 8 branches of the dungeon, and saw 31 of its levels.
You visited the Abyss 1 time.

You collected 3320 gold pieces.
You spent 1506 gold pieces at shops.

Inventory:

Hand Weapons
 v - a +4 blowgun
Missiles
 k - 284 javelins
 m - 1543 tomahawks (quivered)
 n - 274 javelins of penetration
 r - 413 steel javelins
 t - 163 poisoned tomahawks
 F - 16 throwing nets {!f}
 X - 13 curare-tipped needles
Armour
 a - a +2 hat (worn)
 d - a +2 cloak of poison resistance (worn)
Jewellery
 f - the ring of Gluttony (left claw) {EV+2 Slay+4}
   (You bought it in a shop in the Orcish Mines)

   [ring of evasion]

   It affects your evasion (+2).
   It affects your accuracy and damage with ranged weapons and melee attacks
   (+4).
 h - the ring "Earthly Heaven" {rElec rPois Str+6 Dex-2 SInv}
   (You found it on level 11 of the Dungeon)

   [ring of poison resistance]

   It affects your strength (+6).
   It affects your dexterity (-2).
   It insulates you from electricity.
   It protects you from poison.
   It lets you see invisible.
 I - a +8 ring of dexterity (right claw)
 J - an uncursed ring of protection from fire
 K - the ring "Souz" {rElec rN++ MP+9 Int+2}
   (You acquired it on level 1 of the Snake Pit)

   [ring of magical power]

   It affects your intelligence (+2).
   It insulates you from electricity.
   It greatly protects you from negative energy.
   It affects your magic capacity (+9).
 N - an uncursed ring of protection from cold
 O - an amulet of regeneration (around neck)
 U - a +6 amulet of reflection
Wands
 w - a wand of disintegration (29)
 B - a wand of digging (3)
 E - a wand of acid (21)
 G - a wand of iceblast (23)
 M - a wand of paralysis (34)
 W - a wand of scattershot (2)
 Y - a wand of flame (60)
 Z - a wand of clouds (4)
Scrolls
 c - 5 scrolls of magic mapping
 i - 2 scrolls of enchant armour
 j - a scroll of fear
 o - 4 scrolls of immolation
 p - 16 scrolls of teleportation
 u - 3 scrolls of fog
 x - 19 scrolls of remove curse
 y - 5 scrolls of amnesia
 D - a scroll of vulnerability
 L - 2 scrolls of silence
 V - a scroll of brand weapon
Potions
 b - a potion of ambrosia
 g - 4 potions of agility
 l - 9 potions of curing
 s - 5 potions of flight
 z - 7 potions of mutation
 A - 3 potions of might
 C - 3 potions of haste
 H - a potion of resistance
 P - a potion of heal wounds
 S - 2 potions of lignification
Miscellaneous
 Q - a phial of floods (inert)
 R - a lightning rod (2/4)
 T - a phantom mirror
Comestibles
 e - 56 rations {!d}
 q - 4 chunks of flesh


   Skills:
 * Level 11.4(10.8) Fighting
   Level 1.0(0.5) Maces & Flails
 + Level 4.1(3.6) Throwing
 + Level 13.7(13.1) Dodging
 - Level 2.2(1.7) Stealth
 + Level 17.8(17.1) Unarmed Combat
 * Level 10.5(9.9) Spellcasting
 + Level 11.3(10.7) Charms
 + Level 2.9(2.4) Necromancy
 * Level 8.4(7.9) Transmutations
 - Level 3.0(2.5) Ice Magic
 * Level 8.3(7.8) Earth Magic
 + Level 10.5(10.0) Invocations
 + Level 1.2(0.8) Evocations


You had 18 spell levels left.
You knew the following spells:

 Your Spells              Type           Power        Failure   Level  Hunger
a - Song of Slaying       Chrm           #####...     1%          2    None
b - Petrify               Tmut/Erth      #####...     3%          4    ###....
c - Ozocubu's Armour      Chrm/Ice       ####....     1%          3    None
d - Ice Form              Ice/Tmut       ####....     10%         4    ###....
e - Statue Form           Tmut/Erth      #####....    45%         6    ######.
z - Regeneration          Chrm/Necr      ####......   1%          3    None

Your spell library contained the following spells:

 Spells                   Type           Power        Failure   Level  Hunger
 Beastly Appendage        Tmut           #####.       1%          1    None
 Infusion                 Chrm           #####...     1%          1    None
 Sandblast                Erth           #####.       1%          1    None
 Flaming Arrows           Chrm/Fire      ####....     1%          2    None
 Passwall                 Tmut/Erth      #####...     1%          2    None
 Sticks to Snakes         Tmut           #####...     1%          2    None
 Swiftness                Chrm/Air       ####....     1%          2    None
 Spectral Weapon          Hex/Chrm       ####....     2%          3    None
 Spider Form              Tmut/Pois      ###          4%          3    None
 Stone Arrow              Conj/Erth      ###...       5%          3    None
 Ensorcelled Hibernation  Hex/Ice        ##....       8%          2    None
 Apportation              Tloc           #.....       9%          1    None
 Flame Tongue             Conj/Fire      #....        9%          1    None
 Shock                    Conj/Air       #....        9%          1    None
 Slow                     Hex            #.......     9%          1    None
 Summon Butterflies       Summ           #.......     9%          1    None
 Blade Hands              Tmut           #####.....   9%          5    #####..
 Lee's Rapid Deconstruct  Erth           #####.....   10%         5    #####..
 Yara's Violent Unravell  Hex/Tmut       ###.......   17%         4    ###....
 Confuse                  Hex            #.......     26%         3    None
 Conjure Flame            Conj/Fire      #.......     26%         3    None
 Dazzling Spray           Conj/Hex       #.....       26%         3    None
 Inner Flame              Hex/Fire       N/A          26%         3    None
 Recall                   Summ/Tloc      N/A          26%         3    None
 Static Discharge         Air            #.......     26%         3    None
 Bolt of Magma            Conj/Fire/Erth ###.......   63%         5    #####..
 Airstrike                Air            #.........   65%         4    ###....
 Sticky Flame             Conj/Fire      #.......     65%         4    ###....
 Metabolic Englaciation   Hex/Ice        ##........   80%         5    #####..
 Borgnjor's Vile Clutch   Necr/Erth      ####......   85%         6    ######.
 Aura of Abjuration       Summ           #.........   94%         5    #####..
 Fireball                 Conj/Fire      #.........   94%         5    #####..
 Lightning Bolt           Conj/Air       #.........   94%         5    #####..
 Summon Demon             Summ           #.........   94%         5    #####..
 Summon Forest            Summ/Tloc      #.........   94%         5    #####..
 Summon Mana Viper        Hex/Summ       #.......     94%         5    #####..
 Iron Shot                Conj/Erth      ###.......   95%         6    ######.
 Infestation              Hex/Tmut/Pois  ###......    99%         6    ######.
 Darkness                 Hex            #.........   100%        6    ######.
 Shadow Creatures         Summ           N/A          100%        6    ######.
 Mana Rupture             Conj/Hex       #.........   100%        7    #######
 Necromutation            Tmut/Necr      ####....     100%        8    #######
 Time Stop                Chrm/Tloc      N/A          100%        8    #######
 Shatter                  Erth           #####.....   100%        9    #######


Dungeon Overview and Level Annotations

Branches:
Dungeon (12/12)            Temple (1/1) D:5            Lair (6/6) D:7
 Shoals (3/3) Lair:4        Snake (3/3) Lair:2        Slime (0/5) Lair:6
    Orc (1/1) D:10            Elf (3/3) Orc          Vaults (2/3) D:11
  Crypt (0/2) Vaults:2     Depths (0/5) D:12

Altars:
Ashenzari
Cheibriados
Dithmenos
Elyvilon
Fedhas
Gozag
Hepliaklqana
Kikubaaqudgha
Lugonu
Makhleb
Nemelex Xobeh
Okawaru
Qazlal
Ru
Sif Muna
Trog
Uskayaw
Vehumet
Wu Jian
Xom
Yredelemnul
Zin
The Shining One
Beogh
Jiyva

Shops:
D:5 !*}   D:10 ?   D:12 (   Orc (*([=   Shoals:2 %   Shoals:3 :[%*   Vaults:1 [
Vaults:2 }

Portals:
Trove: Elf:1 (give +2 gold dragon scales)

Annotations:
D:4 3 runed translucent doors, Tutankhamun's ghost, amateur GnAc
D:7 2 transporters, Quickbrownfox's ghost, novice MiAc
Elf:2 5 runed doors


Innate Abilities, Weirdness & Mutations

You cannot wear most types of armour.
Your thick skin is tough. (AC +13)
You are too large for most types of armour.
You have claws for hands.
Your flesh is cold resistant. (rC+)
Your flesh is heat resistant. (rF+)
Your metabolism is lightning-fast.
You like to eat raw meat.
You heal very quickly.


Message History

The deep elf death mage beckons forth a restless soul!
The phantom is engulfed in blazing flames.
You destroy the phantom!
The phantasmal warrior is engulfed in freezing vapours.
The phantasmal warrior blinks! x2
Your skin stops crawling.
The phantasmal warrior blinks!
There is a stone staircase leading up, spattered with blood here.
Something hits you! Something drains your vigour!
You feel as though you will be slow longer.
The phantasmal warrior closely misses you.
The lost soul is engulfed in blazing flames.
The phantasmal warrior hits you!!
* * * LOW HITPOINT WARNING * * *
Something hits you!
* * * LOW HITPOINT WARNING * * *
Something drains your vigour!
You feel as though you will be slow longer.
The phantasmal warrior hits you!!
You die...

#.e........##.# ##...##
#..........##.####.....##
##..We).....'..#.........##
#..E.W.e....#..)..........#
##.E.W#())..#[...'*......##
#...###....#.)°.*e.....##
##### ##...#'§☼§☼#....##
##.....°W.§####'#
#......§W@°####.##
#.......WW.......#
##......'..####..#
##....##### #### ##..##
####


You could see a deep elf death mage, 2 phantasmal warriors, 2 wraiths and 2 lost
souls.

Vanquished Creatures
  Bai Suzhen (Vaults:1)
  Asterion (Vaults:1)
  3 deep elf master archers
  A quicksilver dragon (Abyss:1)
  A tentacled starspawn (Abyss:1)
  2 deep elf blademasters (Elf:3)
  A kraken (Shoals:3)
  10 nagarajas
  Donald (D:10)
  A shadow dragon (shapeshifter) (D:9)
  A balrug (Abyss:1)
  A fire giant (Vaults:2)
  2 deep elf sorcerers
  A deep elf elementalist (Elf:2)
  A vault warden (Vaults:1)
  6 orc warlords
  2 stone giants (Vaults:2)
  5 ironheart preservers
  2 entropy weavers (Vaults:2)
  3 deep elf annihilators
  A deep elf demonologist (Elf:3)
  The ghost of mrmini23 the Grappler, a journeyman DrTm of Makhleb (Lair:6)
  A dire elephant (D:12)
  3 deep elf death magi
  An eidolon (Abyss:1)
  Azrael (Elf:2)
  3 merfolk javelineers
  2 death oozes (Lair:6)
  A quicksilver dragon zombie (Abyss:1)
  8 merfolk impalers
  Urug (Orc)
  12 hydras
  6 naga warriors
  3 rakshasas
  5 vault guards (Elf:1)
  Erica (D:9)
  4 great orbs of eyes
  An anaconda (Snake:1)
  A merfolk avatar (Shoals:3)
  6 yaktaur captains
  2 alligator snapping turtles
  3 catoblepae
  8 centaur warriors
  2 satyrs
  4 ogre magi
  A death knight (Vaults:1)
  18 dancing weapons
  2 deep troll shamans
  A tengu warrior (D:12)
  16 two-headed ogres
  14 death yaks
  8 naga sharpshooters
  The ghost of Polynomdivision the Destroyer, a journeyman GrWz of Vehumet (D:11)
  14 sea snakes
  2 thrashing horrors (Abyss:1)
  A deep troll earth mage (Vaults:2)
  18 deep elf knights
  2 orc high priests
  7 deep trolls (Vaults:2)
  4 sun demons (Abyss:1)
  2 shock serpents
  7 large abominations (Abyss:1)
  A salamander mystic (Snake:2)
  A kraken simulacrum (Shoals:3)
  3 flayed ghosts
  An unseen horror (D:8)
  3 skeletal warriors
  2 glowing orange brains
  A tengu zombie (Vaults:2)
  4 naga ritualists
  A lindwurm (Lair:5)
  2 phantasmal warriors (Vaults:1)
  15 harpies
  22 deep elf archers
  A necromancer (Vaults:2)
  A wizard (Vaults:1)
  5 ironbrand convokers
  5 cyclopes
  2 wolf spider zombies (D:12)
  8 fauns
  A wolf spider (D:12)
  3 orc knights
  65 deep elf magi
  4 mana vipers (Snake:2)
  4 orc sorcerers
  10 ugly things
  7 salamanders
  An oklob plant (Lair:2)
  15 elephants (Lair:6)
  12 slime creatures
  12 manticores
  2 ice statues
  An apocalypse crab (Abyss:1)
  23 black mambas
  A stone giant skeleton (Vaults:2)
  18 naga magi
  4 merfolk sirens
  A smoke demon (Abyss:1)
  5 vault sentinels
  A fire giant skeleton (Vaults:2)
  A human skeleton (Vaults:2)
  2 gargoyles
  13 cane toads
  24 yaktaurs
  A storm dragon simulacrum (Vaults:2)
  A rime drake (shapeshifter) (Vaults:2)
  5 komodo dragons
  A demonic crawler (Abyss:1)
  A freezing wraith (Vaults:1)
  A rime drake (Lair:3)
  2 tengu conjurers
  An ice devil (Lair:2)
  8 trolls
  An ancient zyme (Abyss:1)
  A meliai (shapeshifter) (Elf:2)
  A polar bear (Lair:6)
  22 merfolk
  Grinder (D:3)
  4 wind drakes
  7 dream sheep
  14 hippogriffs
  7 snapping turtles
  6 blink frogs
  2 tarantellas (Vaults:2)
  A centaur simulacrum (D:10)
  3 air elementals
  A stone giant simulacrum (Vaults:2)
  3 shadows
  A wyvern (shapeshifter) (D:12)
  A vampire (D:12)
  5 redbacks
  7 water elementals
  A wraith (Vaults:1)
  A ynoxinul (Abyss:1)
  53 yaks
  2 wyverns
  13 fire elementals
  6 basilisks
  4 hungry ghosts
  A neqoxec (Abyss:1)
  A steam dragon (shapeshifter) (D:12)
  4 vampire mosquitoes
  A yaktaur simulacrum (Vaults:1)
  A naga (shapeshifter) (Elf:2)
  7 wargs
  An insubstantial wisp (Abyss:1)
  2 acid dragons
  A soldier ant (D:10)
  10 crocodiles
  3 floating eyes (D:11)
  A hell hound (Elf:2)
  32 nagas
  9 water moccasins
  9 porcupines
  4 sky beasts
  12 ice beasts
  39 orc warriors
  4 black bears
  3 necrophages
  4 small abominations (Abyss:1)
  21 centaurs
  15 wolves
  An eye of draining (shapeshifter) (Vaults:1)
  3 eyes of draining
  18 ogres
  7 boggarts
  An elf simulacrum (Vaults:1)
  4 big kobolds
  20 bullfrogs
  6 earth elementals
  2 scorpions
  10 killer bees
  4 howler monkeys
  8 wights
  4 electric eels
  7 crimson imps
  7 centaur zombies
  A human simulacrum (Vaults:2)
  A bullfrog zombie (D:7)
  A lava snake (D:7)
  6 jellies
  3 hounds
  15 orc priests
  21 orc wizards
  5 centaur skeletons
  3 iron imps (Abyss:1)
  5 iguanas
  Ijyb (D:3)
  9 worker ants
  2 mummies (D:12)
  2 hound zombies
  A hound skeleton (D:8)
  A howler monkey zombie (D:8)
  2 worker ant zombies
  9 gnolls
  A howler monkey skeleton (D:7)
  9 adders
  3 shadow imps
  3 white imps
  2 adder zombies
  6 dart slugs
  5 leopard geckos
  89 orcs
  4 giant cockroaches
  8 goblins
  14 hobgoblins
  A jackal (D:9)
  25 kobolds
  9 quokkas
  A ball python (D:3)
  3 bats
  3 frilled lizards
  A jackal skeleton (D:5)
  A quokka skeleton (D:5)
  3 rats
  2 fungi (Orc)
  A plant (Lair:2)
  2 tentacles (Shoals:3)
1313 creatures vanquished.

Vanquished Creatures (collateral kills)
  An ironheart preserver (Vaults:2)
  A merfolk impaler (Shoals:3)
  Harold (Orc)
  A death knight (D:9)
  A faun (Shoals:2)
  A merfolk siren (Shoals:2)
  A merfolk (Shoals:3)
  A warg (Orc)
8 creatures vanquished.

Vanquished Creatures (others)
  A merfolk javelineer (Shoals:3)
  4 merfolk impalers (Shoals:3)
  A rakshasa (Vaults:2)
  A satyr (Shoals:2)
  A naga sharpshooter (Snake:2)
  A deep elf knight (Elf:1)
  2 deep elf archers (Elf:1)
  A deep elf mage (Elf:1)
  An orc knight (Orc)
  A faun (Shoals:2)
  A manticore (Shoals:2)
  A merfolk siren (Shoals:3)
  2 guardian serpents (Snake:2)
  A yaktaur (D:11)
  A merfolk (shapeshifter) (Elf:1)
  A fire elemental (Elf:2)
  3 orc warriors (Orc)
  A boggart (Vaults:2)
  2 ogres (Orc)
  2 orc priests (Orc)
  2 orc wizards
  4 orcs
  8 fungi (Lair:6)
  8 plants
  2 starspawn tentacles (Abyss:1)
  9 tentacles (Shoals:3)
  2 withered plants (D:11)
64 creatures vanquished.

Grand Total: 1385 creatures vanquished

Notes
Turn   | Place    | Note
-------+----------+-------------------------------------------
     0 | D:1      | Morbidden the Troll Archaeologist began the quest for the
                  | Orb.
     0 | D:1      | Reached XP level 1. HP: 18/18 MP: 0/0
    78 | D:1      | Reached XP level 2. HP: 18/26 MP: 1/1
   507 | D:1      | Reached XP level 3. HP: 31/32 MP: 2/2
   811 | D:2      | Got a pitted wooden ring
   812 | D:2      | Identified the cursed ring "Jiwoic" {Str+2 Stlth-} (You
                  | found it on level 2 of the Dungeon)
   922 | D:2      | Reached skill level 1 in Unarmed Combat
  1246 | D:2      | Found a hide-covered altar of Uskayaw.
  1247 | D:2      | Found a sacrificial altar of Ru.
  1386 | D:3      | Noticed Ijyb
  1639 | D:3      | Reached skill level 1 in Fighting
  1639 | D:3      | Gained mutation: Your natural rate of healing is unusually
                  | fast. [Troll growth]
  1639 | D:3      | Reached XP level 4. HP: 17/41 MP: 4/4
  1650 | D:3      | Reached skill level 1 in Throwing
  1650 | D:3      | Reached skill level 1 in Spellcasting
  1837 | D:3      | Noticed Grinder
  1845 | D:3      | Paralysed by Grinder for 2 turns
  1854 | D:3      | Reached skill level 2 in Unarmed Combat
  1859 | D:3      | Reached XP level 5. HP: 26/48 MP: 5/5
  1859 | D:3      | Identified a scroll of acquirement
  1900 | D:3      | Killed Grinder
  1900 | D:3      | Reached skill level 3 in Unarmed Combat
  1900 | D:3      | Reached XP level 6. HP: 21/57 MP: 5/7
  2407 | D:3      | Killed Ijyb
  2564 | D:3      | Learned a level 4 spell: Petrify
  3111 | D:4      | Reached XP level 7. HP: 60/65 MP: 7/9
  3190 | D:4      | Learned a level 1 spell: Infusion
  3414 | D:4      | Found a runed translucent gate.
  3414 | D:4      | Found a runed translucent gate.
  3414 | D:4      | Found a runed translucent gate.
  3414 | D:4      | Noticed Tutankhamun's ghost (amateur GnAc)
  3418 | D:4      | Found a roughly hewn altar of Beogh.
  3915 | D:5      | Entered Level 5 of the Dungeon
  3922 | D:5      | Found Cesm's General Store.
  3947 | D:5      | Reached skill level 4 in Unarmed Combat
  3995 | D:5      | Reached skill level 1 in Earth Magic
  4240 | D:5      | Found Duggoaf's Gadget Shoppe.
  4273 | D:5      | Found a shattered altar of Ashenzari.
  4279 | D:5      | Reached skill level 1 in Charms
  4292 | D:5      | Learned a level 2 spell: Song of Slaying
  4360 | D:5      | Found a staircase to the Ecumenical Temple.
  4373 | Temple   | Entered the Ecumenical Temple
  4545 | Temple   | Became a worshipper of Qazlal Stormbringer
  4591 | D:5      | Found Teim's Distillery.
  4594 | D:5      | Bought a potion of might for 60 gold pieces
  4682 | D:5      | Bought a potion of lignification for 45 gold pieces
  4682 | D:5      | Bought a potion of mutation for 120 gold pieces
  4737 | D:6      | Reached XP level 8. HP: 58/74 MP: 6/10
  4748 | D:6      | Reached skill level 1 in Transmutations
  5026 | D:6      | Reached skill level 5 in Unarmed Combat
  5313 | D:6      | Reached * piety under Qazlal
  5702 | D:7      | Found a transporter.
  5727 | D:7      | Noticed a hippogriff
  5753 | D:7      | Reached XP level 9. HP: 48/83 MP: 2/12
  5829 | D:7      | Identified the +5 dire flail "Iczudaz" {elec, rElec Str+3
                  | Int+2 Dex-4}
  5829 | D:7      | Identified the +3 great mace of Fedhas's Favour {venom,
                  | Fragile +Inv rF- rN+++}
  5829 | D:7      | Noticed a two-headed ogre
  5839 | D:7      | Noticed Quickbrownfox's ghost (novice MiAc)
  5879 | D:7      | Found a transporter.
  5945 | D:7      | Noticed a death yak
  5951 | D:7      | Reached skill level 5 in Dodging
  5951 | D:7      | Reached skill level 6 in Unarmed Combat
  5959 | D:7      | Noticed a death yak
  5959 | D:7      | Noticed a death yak
  5959 | D:7      | Noticed a death yak
  5965 | D:7      | Noticed a death yak
  6042 | D:7      | Found a staircase to the Lair.
  6044 | D:7      | Noticed a tengu conjurer
  6062 | D:7      | Killed a tengu conjurer
  6282 | D:7      | Found a shattered altar of Ashenzari.
  6422 | D:7      | Noticed a death yak
  6422 | D:7      | Noticed a death yak
  6423 | D:7      | Noticed a death yak
  6515 | D:8      | Learned a level 3 spell: Regeneration
  6716 | D:8      | Reached XP level 10. HP: 80/92 MP: 2/15
  6732 | D:8      | Reached ** piety under Qazlal
  7127 | D:8      | Killed an unseen horror
  7127 | D:8      | Reached skill level 7 in Unarmed Combat
  7448 | D:8      | Noticed an eight-headed hydra
  7459 | D:8      | Killed an eight-headed hydra
  7966 | D:9      | Reached skill level 5 in Spellcasting
  7971 | D:9      | Reached skill level 5 in Charms
  7984 | D:9      | Reached *** piety under Qazlal
  7984 | D:9      | Reached skill level 8 in Unarmed Combat
  8019 | D:9      | Noticed a manticore
  8058 | D:9      | Reached skill level 5 in Earth Magic
  8152 | D:9      | Reached skill level 5 in Fighting
  8152 | D:9      | Reached XP level 11. HP: 102/102 MP: 9/17
  8411 | D:9      | Noticed a glowing orange brain
  8420 | D:9      | Killed a glowing orange brain
  8441 | D:9      | Noticed a two-headed ogre
  8452 | D:9      | Killed a two-headed ogre
  8462 | D:9      | Noticed a death knight
  8481 | D:9      | Noticed a seven-headed hydra
  8485 | D:9      | Noticed an eight-headed hydra
  8699 | D:9      | Noticed a skeletal warrior
  8791 | D:8      | Killed a death yak
  8791 | D:8      | Reached skill level 9 in Unarmed Combat
  8803 | D:8      | Killed a death yak
  8803 | D:8      | Reached **** piety under Qazlal
  8803 | D:8      | Reached skill level 1 in Invocations
  8965 | D:8      | Killed a death yak
  9144 | D:6      | Killed a death yak
  9310 | D:8      | Killed a death yak
  9333 | D:8      | Killed a death yak
  9629 | D:7      | Killed a death yak
  9665 | D:7      | Killed a death yak
  9762 | Lair:1   | Entered Level 1 of the Lair of Beasts
  9803 | Lair:1   | Reached skill level 1 in Necromancy
  9803 | Lair:1   | Gained mutation: You heal very quickly. [Troll growth]
  9803 | Lair:1   | Reached XP level 12. HP: 100/113 MP: 19/19
  9883 | Lair:1   | Reached skill level 10 in Unarmed Combat
 10464 | Lair:1   | Learned a level 3 spell: Ozocubu's Armour
 10762 | Lair:2   | Reached ***** piety under Qazlal
 10878 | Lair:2   | Found a staircase to the Snake Pit.
 12287 | Lair:4   | Found a staircase to the Shoals.
 12353 | Lair:4   | Reached XP level 13. HP: 117/122 MP: 19/21
 13219 | Lair:5   | Reached skill level 5 in Invocations
 13261 | Lair:5   | Reached skill level 11 in Unarmed Combat
 13966 | Lair:6   | Entered Level 6 of the Lair of Beasts
 14419 | Lair:6   | Found a runed translucent gate.
 14419 | Lair:6   | Found a runed translucent gate.
 14419 | Lair:6   | Found a runed translucent gate.
 14419 | Lair:6   | Noticed mrmini23's ghost (journeyman DrTm)
 14419 | Lair:6   | Noticed a death ooze
 14431 | Lair:6   | Found a viscous altar of Jiyva.
 14432 | Lair:6   | Noticed a death ooze
 14690 | Lair:6   | Reached XP level 14. HP: 98/133 MP: 20/23
 14734 | Lair:6   | Identified Sivag's Grimoire of Mutagenic Earth
 14787 | Lair:6   | Reached skill level 10 in Dodging
 15088 | Lair:6   | Found a viscous altar of Jiyva.
 15088 | Lair:6   | Found a staircase to the Slime Pits.
 15251 | Lair:6   | Killed mrmini23's ghost
 15279 | Lair:6   | Got an ancient amber ring
 15281 | Lair:6   | Identified the +2 gold dragon scales of the Shining Light
                  | {rPois rF+ rC+ Str+5 Stlth-} (You found it on level 6 of
                  | the Lair of Beasts)
 15287 | Lair:6   | Identified the ring "Dibb" {-Tele +Inv rElec rN+ Dex+8}
                  | (You found it on level 6 of the Lair of Beasts)
 15537 | D:9      | Noticed a shadow dragon
 15553 | D:9      | Killed a shadow dragon
 15553 | D:9      | Reached skill level 12 in Unarmed Combat
 15811 | D:9      | Got an iridescent long sword
 16011 | D:9      | Noticed Erica
 16019 | D:9      | Killed Erica
 16344 | D:10     | Entered Level 10 of the Dungeon
 16353 | D:10     | Found Xuxtiow's Magic Scroll Boutique.
 16469 | D:10     | Found a shimmering altar of Xom.
 16588 | D:10     | Reached ****** piety under Qazlal
 17150 | D:10     | Learned a level 4 spell: Ice Form
 17233 | D:10     | Found a staircase to the Orcish Mines.
 17966 | D:11     | Reached XP level 15. HP: 94/143 MP: 7/25
 18339 | D:11     | Found a runed translucent door.
 18339 | D:11     | Noticed Polynomdivision's ghost (journeyman GrWz)
 18448 | D:11     | Paralysed by a floating eye for 4 turns
 18575 | D:11     | Paralysed by a floating eye for 2 turns
 18643 | D:11     | Found a gate to the Vaults.
 18734 | D:11     | Killed Polynomdivision's ghost
 18737 | D:11     | Got a brightly glowing tin ring
 18740 | D:11     | Identified the ring "Earthly Heaven" {rElec rPois Str+6
                  | Dex-2 SInv} (You found it on level 11 of the Dungeon)
 18755 | D:12     | Entered Level 12 of the Dungeon
 18767 | D:12     | Reached skill level 13 in Unarmed Combat
 19061 | D:12     | Found a staircase to the Depths.
 19224 | D:12     | Found Fawisch's Antique Weapon Emporium.
 19689 | Orc      | Entered the Orcish Mines
 19696 | Orc      | Noticed Donald
 19712 | Orc      | Noticed an orc warlord
 19819 | D:10     | Killed Donald
 19842 | Orc      | Noticed Urug
 19879 | Orc      | Killed Urug
 19885 | Orc      | Killed an orc warlord
 19885 | Orc      | Reached skill level 5 in Transmutations
 20076 | Orc      | Noticed Harold
 20094 | Orc      | Killed Harold
 20257 | Orc      | Found Loatiufo's Antique Armour Shoppe.
 20327 | Orc      | Found Ozeud's Weapon Boutique.
 20327 | Orc      | Found a roughly hewn altar of Beogh.
 20339 | Orc      | Found Wihuazaf's Antique Weapon Emporium.
 20350 | Orc      | Found Kameray's General Store.
 20388 | Orc      | Found Jas Orgh's Jewellery Emporium.
 20388 | Orc      | Found a staircase to the Elven Halls.
 20644 | Orc      | Bought the ring of Gluttony {EV+2 Slay+4} for 371 gold
                  | pieces
 20848 | Snake:1  | Entered Level 1 of the Snake Pit
 21011 | Snake:1  | Noticed a nagaraja
 21019 | Snake:1  | Killed a nagaraja
 21019 | Snake:1  | Reached skill level 1 in Ice Magic
 21019 | Snake:1  | Gained mutation: Your flesh is cold resistant. (rC+) [Troll
                  | growth]
 21019 | Snake:1  | Reached XP level 16. HP: 145/154 MP: 20/27
 21356 | Snake:1  | Identified the +0 hat "Siryev" {*Slow rPois rF+} (You
                  | acquired it on level 1 of the Snake Pit)
 21356 | Snake:1  | Identified the ring "Souz" {rElec rN++ MP+9 Int+2} (You
                  | acquired it on level 1 of the Snake Pit)
 23015 | Snake:3  | Entered Level 3 of the Snake Pit
 23239 | Snake:3  | Reached skill level 14 in Unarmed Combat
 23412 | Snake:3  | Reached skill level 10 in Charms
 24017 | Snake:3  | Got a serpentine rune of Zot
 24320 | Shoals:1 | Entered Level 1 of the Shoals
 24354 | Shoals:1 | Reached XP level 17. HP: 158/163 MP: 12/29
 25667 | Shoals:2 | Found Myjamm's Food Emporium.
 25965 | Shoals:3 | Entered Level 3 of the Shoals
 25965 | Shoals:3 | Found Kerahoed's Antique Armour Shoppe.
 26007 | Shoals:3 | Identified the cursed +0 robe of Fedhas's Benevolence
                  | {rPois MR++}
 26314 | Shoals:3 | Found Daohie's General Store.
 26323 | Shoals:3 | Found Qonoad's Food Shop.
 26336 | Shoals:3 | Reached skill level 10 in Invocations
 26771 | Shoals:3 | Noticed a kraken
 26786 | Shoals:3 | Killed a kraken
 27018 | Shoals:3 | Found Bethizipn's Book Shoppe.
 27198 | Shoals:3 | Bought a book of the Earth for 910 gold pieces
 27205 | Shoals:3 | Learned a level 6 spell: Statue Form
 27335 | Shoals:3 | Got a barnacled rune of Zot
 27692 | Vaults:1 | Entered Level 1 of the Vaults
 27717 | Vaults:1 | Reached skill level 15 in Unarmed Combat
 27848 | Vaults:1 | Found Edicrese's Armour Boutique.
 27894 | Vaults:1 | Reached skill level 10 in Fighting
 27989 | Vaults:1 | Cast into level 1 of the Abyss (a wizard)
 28057 | Abyss:1  | Found a corrupted altar of Lugonu.
 28197 | Abyss:1  | Reached XP level 18. HP: 130/174 MP: 22/30
 28416 | Vaults:1 | Escaped the Abyss
 28732 | Vaults:1 | Noticed Bai Suzhen
 28750 | Vaults:1 | Killed Bai Suzhen
 29157 | Vaults:1 | Noticed Asterion
 29176 | Vaults:1 | Killed Asterion
 29844 | Vaults:2 | Reached skill level 16 in Unarmed Combat
 30374 | Vaults:2 | Reached XP level 19. HP: 181/184 MP: 28/31
 30593 | Vaults:2 | Reached skill level 10 in Spellcasting
 31026 | Vaults:2 | Found Lyecs's Gadget Emporium.
 31114 | Vaults:2 | Found a staircase to the Crypt.
 31439 | Elf:1    | Entered Level 1 of the Elven Halls
 31795 | Elf:1    | Reached skill level 17 in Unarmed Combat
 32059 | Elf:1    | Found a portal to a secret trove of treasure.
 32387 | Elf:1    | Reached skill level 1 in Evocations
 32863 | Elf:2    | Noticed Azrael
 32971 | Elf:2    | Killed Azrael
 33020 | Elf:2    | Gained mutation: Your flesh is heat resistant. (rF+) [Troll
                  | growth]
 33020 | Elf:2    | Reached XP level 20. HP: 178/196 MP: 29/33
 33441 | Elf:2    | Found a huge runed gate.
 33441 | Elf:2    | Found a huge runed gate.
 33441 | Elf:2    | Found a huge runed gate.
 33441 | Elf:2    | Found a huge runed gate.
 33441 | Elf:2    | Found a huge runed gate.
 33509 | Elf:3    | Entered Level 3 of the Elven Halls
 33699 | Elf:3    | Upgraded the game from bcrawl-1.23.3-19-gdc5968f444 to
                  | bcrawl-1.24
 33843 | Elf:3    | Identified the ring of Neiwn {Fire *Contam +Fly Str+3
                  | Dex+7}
 34181 | Elf:3    | Mangled by a phantasmal warrior

Skill      XL: |  1  2  3  4  5  6  7  8  9 10 11 12 13 14 15 16 17 18 19 20 |
---------------+-------------------------------------------------------------+-----
Stealth        | 2 |  2.2
Unarmed Combat | 1 2 3 4 5 6 8 9 10 11 12 13 14 15 16 17 | 17.8
Fighting       | 1 2 3 4 5 6 7 8 9 10 11 | 11.4
Throwing       | 1 2 4 |  4.1
Spellcasting   | 1 2 3 4 5 6 7 8 9 10 | 10.5
Dodging        | 3 4 5 6 7 8 9 10 11 12 13 | 13.7
Earth Magic    | 1 2 3 5 7 8 |  8.3
Charms         | 1 2 3 5 6 7 8 9 10 11 | 11.3
Transmutations | 1 2 3 4 5 6 7 8 |  8.4
Invocations    | 2 4 6 7 8 9 10 | 10.5
Necromancy     | 1 2 |  2.9
Ice Magic      | 1 3 |  3.0
Evocations     | 1 |  1.2
Maces & Flails | |  1.0

Action                   |  1- 3 |  4- 6 |  7- 9 | 10-12 | 13-15 | 16-18 | 19-21 || total
-------------------------+-------+-------+-------+-------+-------+-------+-------++-------
Melee: Unarmed           |   102 |   125 |   303 |   656 |  1102 |  1213 |   834 ||  4335
       Punch             |       |     2 |     4 |    30 |   105 |   120 |    85 ||   346
Throw: Stone             |    59 |    37 |     2 |       |       |       |       ||    98
       Tomahawk          |       |     2 |       |     6 |     7 |   120 |     6 ||   141
 Cast: Infusion          |       |       |    32 |    42 |    40 |    51 |     4 ||   169
       Song of Slaying   |       |       |    11 |    36 |    64 |    68 |    36 ||   215
       Regeneration      |       |       |       |     8 |     8 |    34 |    25 ||    75
       Ozocubu's Armour  |       |       |       |     5 |     9 |     1 |       ||    15
       Ice Form          |       |       |       |       |     1 |     1 |       ||     2
Invok: Upheaval          |       |       |       |       |    20 |    22 |     5 ||    47
       Elemental Force   |       |       |       |       |     3 |     5 |     1 ||     9
Evoke: Wand              |       |       |       |     1 |    11 |    12 |     5 ||    29
       Phial of floods   |       |       |       |       |     2 |     2 |     2 ||     6
       Lightning rod     |       |       |       |       |       |       |     4 ||     4
  Use: Scroll            |     2 |     1 |     5 |     3 |     8 |    17 |     9 ||    45
       Potion            |       |     1 |     2 |     5 |     9 |     4 |     1 ||    22
 Stab: Sleeping          |     1 |       |       |       |       |       |       ||     1
       Petrified         |       |       |       |       |     5 |       |       ||     5
       Invisible         |       |       |       |       |     1 |       |       ||     1
       Distracted        |       |       |       |       |       |       |     1 ||     1
  Eat: Chunk             |    16 |     7 |    28 |    52 |    52 |    60 |    24 ||   239
       Ration            |       |       |       |       |       |     2 |       ||     2
Armor: Skin              |    38 |    50 |   135 |   234 |   324 |   291 |   164 ||  1236
Dodge: Dodged            |    53 |    74 |   183 |   310 |   716 |   817 |   455 ||  2608
       Deflected         |       |       |       |     5 |    27 |   112 |    70 ||   214
Block: Other             |       |       |    31 |   230 |   790 |   885 |   457 ||  2393
       Reflection        |       |       |       |       |       |       |     3 ||     3
